 Dungeon Crawl Stone Soup version 0.31.0-11-ge490571c62 (webtiles) character file.

Game seed: 5988548529480270329

544 bearlyready the Ruffian (level 7, -16/43 HPs)
             Began as an Octopode Shapeshifter on Feb 7, 2024.
             Was an Initiate of Gozag.
             Demolished by an ogre
             ... wielding a +0 giant club
              (23 damage)
             ... on level 5 of the Dungeon.
             The game lasted 00:05:29 (3799 turns).

bearlyready the Ruffian (Octopode Shapeshifter)     Turns: 3799, Time: 00:05:29

Health: -16/43     AC:  1    Str: 15    XL:     7   Next: 27%
Magic:  7/7        EV: 13    Int: 12    God:    Gozag
Gold:   113        SH:  0    Dex: 12    Spells: 6/6 levels left

rFire   . .          .
                       - Unarmed
rCold   . . .        (no shield)
rNeg    . . .        (helmet currently unavailable)
rPois   .            (no amulet)
rElec   .            (no ring)
rCorr   .            (no ring)
SInv    .            (no ring)
Will    .....        (no ring)
Stlth   ++           (no ring)
HPRegen 0.27/turn    (no ring)
MPRegen 0.10/turn    (no ring)
                     (no ring)

%: no passive effects
@: confused, brilliant, beast-form, attractive
A: beast (slay +3), almost no armour, amphibious, 8 rings, camouflage 1,
gelatinous body 1, (nimble swimmer 1), tentacles
a: Begin Untransformation, Renounce Religion, Potion Petition, Call Merchant,
Bribe Branch


You were on level 5 of the Dungeon.
You worshipped Gozag.
Gozag was aware of your devotion.
You were a hulking beast.
You visited 2 branches of the dungeon, and saw 6 of its levels.

You collected 167 gold pieces.
You paid 54 gold pieces to Gozag.

Inventory:

Missiles
 d - 3 poisoned darts (quivered)
 g - 30 stones
 p - 7 boomerangs
Armour
 a - a +0 cloak
 j - a scarf of repulsion
Talismans
 b - a beast talisman
 c - a flux talisman
Wands
 w - a wand of mindburst (10)
Scrolls
 e - 3 scrolls of immolation
 f - a scroll of noise
 i - a scroll of fear {unknown}
 k - 2 scrolls of identify
 t - a scroll of torment {unknown}
 u - a scroll of revelation {unknown}
 v - a scroll of teleportation {unknown}
Potions
 h - 2 potions of might {unknown}
 l - a potion of cancellation {unknown}
 n - 4 potions of attraction
 o - a potion of mutation {unknown}
 q - 2 potions of brilliance
 s - 2 potions of curing {unknown}


   Skills:
 - Level 1.0 Fighting
 - Level 2.0 Dodging
 + Level 6.1 Unarmed Combat
 + Level 5.7 Shapeshifting


You had 6 spell levels left.
You didn't know any spells.
Your spell library contained the following spells:

 Spells                   Type           Power      Damage    Failure   Level
 Foxfire                  Conj/Fire      0%         2x1d4     32%         1
 Plasma Beam              Fire/Air       0%         2x1d10    100%        6
 Starburst                Conj/Fire      0%         6d3       100%        6


Dungeon Overview and Level Annotations

Branches:
Dungeon (5/15)             Temple (1/1) D:4

Altars:
Cheibriados
Elyvilon
Fedhas
Gozag
Hepliaklqana
Makhleb
Nemelex Xobeh
Sif Muna
Vehumet
Wu Jian
Xom
Zin
The Shining One

Annotations:
D:4 1 runed translucent door, michknight7's ghost, amateur MiFi
D:5 Sigmund


Innate Abilities, Weirdness & Mutations

You are a hulking beast.
Your limbs bulge with bestial killing power. (Slay +3)
You cannot wear most types of armour.
You are amphibious.
You can wear up to eight rings at the same time.
Your skin changes colour to match your surroundings (Stealth+).
Your rubbery body absorbs attacks. (AC +1, EV +1)
((You are camouflaged when in or above water. (Stealth+)))
You have tentacles for arms and can constrict up to eight enemies at once.


Message History

* * * LOW HITPOINT WARNING * * *
Okay, then.
Blink to where?
Press: ? - help, Dir - move target, p - ogre
Found a scroll labelled RUYL REANN.
As you read the scroll labelled CIMARU FUFURGH, it crumbles to dust.
It was a scroll of blinking.
The ogre is attracted toward you. The jelly is attracted toward you.
Aiming: Mindburst
Press: ? - help, Shift-Dir - straight line, f - ogre
Aim: an ogre, wielding a +0 giant club (moderately wounded, chance to affect: 64%)
The ogre struggles to resist.
What are your orders? t - Shout!
Orders for allies: a - Attack new target. p - Attack previous target. r - Retreat! s - Stop attacking. g - Guard the area. f - Follow me.
Anything else - Cancel.
Retreat in which direction?
Press: ? - help, Dir - move target, f - you, p - ogre
Okay, then.
Blink to where?
Press: ? - help, Dir - move target, p - ogre
As you read the scroll of blinking, it crumbles to dust.
Sigmund the Dreaded comes into view.
He is wielding a +0 scythe and wearing a +1 robe of willpower.
Sigmund is attracted toward you. The ogre is attracted toward you.
As you read the scroll labelled OLIRYZXIYN, it crumbles to dust.
It is a scroll of identify.
e - 3 scrolls of immolation Sigmund points at you and mumbles some strange words.
You are confused.
The ogre is attracted toward you. Sigmund is attracted toward you.
The jelly is attracted toward you.
It was a potion of brilliance.
You feel clever all of a sudden. Sigmund barely misses you.
The ogre hits you with a +0 giant club!!
Ouch! That really hurt!
You die...
Your body crumbles into a pile of gold.

##############
........?....####
................#
.......hO§J..§J.#
#####.@#######..## .....#
..... #.J.## .....#
#....§. #..... .....###
##.#... #.(.##. .......# #
#.## #§§## .. .......# ..
#..# . .......# ... #§.#
.......################..#


You could see an ogre, Sigmund and a jelly.

Vanquished Creatures
  An ogre (D:5)
  2 scorpions
  A bombardier beetle (D:5)
  A jelly (D:5)
  Crazy Yiuf (D:2)
  A hound (D:5)
  Jessica (D:3)
  9 adders
  2 ufetubi (D:4)
  2 ribbon worms (D:3)
  3 dart slugs
  7 orcs
  9 endoplasms
  4 giant cockroaches
  A hobgoblin (D:2)
  9 jackals
  8 kobolds
  4 quokkas
  2 ball pythons (D:2)
  10 bats
  2 frilled lizards (D:1)
  8 goblins
  7 rats
95 creatures vanquished.

Notes
Turn   | Place    | Note
-------+----------+-------------------------------------------
     0 | D:1      | bearlyready the Octopode Shapeshifter began the quest for
                  | the Orb.
     0 | D:1      | Reached XP level 1. HP: 13/13 MP: 1/1
   195 | D:1      | Reached XP level 2. HP: 18/18 MP: 2/2
   574 | D:2      | Reached XP level 3. HP: 13/23 MP: 3/3
  1199 | D:2      | Reached skill level 4 in Unarmed Combat
  1199 | D:2      | Reached XP level 4. HP: 27/28 MP: 4/4
  1293 | D:2      | Found a runed translucent door.
  1294 | D:2      | Noticed Crazy Yiuf
  1304 | D:2      | Killed Crazy Yiuf
  1684 | D:3      | Found a shimmering altar of Xom.
  1783 | D:3      | Noticed Jessica
  1790 | D:3      | Killed Jessica
  1791 | D:3      | Reached XP level 5. HP: 33/33 MP: 5/5
  2190 | D:3      | Found a blossoming altar of Fedhas.
  2357 | D:4      | Reached skill level 5 in Unarmed Combat
  2442 | D:4      | Reached XP level 6. HP: 38/38 MP: 6/6
  2644 | D:4      | Found a staircase to the Ecumenical Temple.
  2749 | Temple   | Entered the Ecumenical Temple
  2840 | D:4      | Found a runed translucent door.
  3250 | D:4      | Noticed michknight7's ghost (amateur MiFi)
  3278 | D:5      | Entered Level 5 of the Dungeon
  3285 | D:5      | Reached skill level 5 in Shapeshifting
  3512 | D:5      | Reached XP level 7. HP: 35/43 MP: 7/7
  3576 | D:5      | Found an opulent altar of Gozag.
  3590 | D:5      | Reached skill level 6 in Unarmed Combat
  3596 | D:5      | Became a worshipper of Gozag Ym Sagoz the Greedy
  3797 | D:5      | Noticed Sigmund
  3799 | D:5      | Demolished by an ogre

Illustrated notes

Levels and vault maps discovered:
D:1:      ebering_trefoil_twist, layout_loops_cross
D:2:      layout_basic, serial_aquarium, aquarium_bridge_straight
          [aquarium_subvault_bridge, aquarium_subvault_window,
          aquarium_subvault_bridge, aquarium_subvault_wall], aquarium_window_3,
          aquarium_window_2, aquarium_window_1, aquarium_view_2d,
          aquarium_pool_2, uniq_crazy_yiuf_cottage
D:3:      layout_basic, xom_butterflies, mainiacjoe_overflow_brackets,
          uniq_jessica
D:4:      layout_basic, temple_fountains, ebering_ghost_sewer_d
D:5:      layout_loops_ring, mainiacjoe_overflow_chevrons,
          nicolae_overflow_hidden_temple, sigmund_edmund_badplayer
Temple:   nicolae_temple_bog_church

Skill      XL: |  1  2  3  4  5  6  7 |
---------------+----------------------+-----
Unarmed Combat | 4 5 6 |  6.1
Shapeshifting  | 4 5 |  5.7
Fighting       | |  1.0
Dodging        | |  2.0

Action                     |  1- 3 |  4- 6 |  7- 9 || total
---------------------------+-------+-------+-------++-------
  Melee: Unarmed           |    72 |    91 |    15 ||   178
         Tentacles         |    12 |    20 |     6 ||    38
         Constrict         |    20 |    20 |     5 ||    45
         Punch             |     4 |     3 |     1 ||     8
  Throw: Dart              |       |       |     3 ||     3
         Stone             |       |       |     1 ||     1
  Evoke: Wand              |       |       |     1 ||     1
    Use: Potion            |       |     2 |     3 ||     5
         Scroll            |       |       |     4 ||     4
   Stab: Sleeping          |     6 |    11 |     1 ||    18
 Armour: Skin              |    30 |    30 |    11 ||    71
  Dodge: Dodged            |    34 |    45 |    10 ||    89
